 Dungeon Crawl Stone Soup version 0.21.1-1-g345015f (webtiles) character file.

65 letownia2 the Poker (level 4, -2/33 HPs)
             Began as a Merfolk Skald on Mar 14, 2018.
             Slain by a scorpion (4 damage)
             ... on level 5 of the Dungeon.
             The game lasted 00:06:24 (802 turns).

letownia2 the Poker (Merfolk Skald)                  Turns: 802, Time: 00:06:24

Health: -2/33      AC:  3    Str: 11    XL:     4   Next: 13%
Magic:  3/7        EV: 12    Int: 13    God:
Gold:   69         SH:  0    Dex: 13    Spells: 1/7 levels left

rFire    . . .     SeeInvis .   a - +0 spear
rCold    . . .     Gourm    .   (no shield)
rNeg     . . .     Faith    .   o - +0 leather armour
rPois    .         Spirit   .   (no helmet)
rElec    .         Reflect  .   (no cloak)
rCorr    .         Harm     .   (no gloves)
MR       .....                  (no boots)
Stlth    +.........             (no amulet)
HPRegen  0.11/turn              (no ring)
MPRegen  0.10/turn              (no ring)

@: lethally poisoned (-2 -> -12)
A: change form in water, swift swim, stealthy swim
a: no special abilities


You were on level 5 of the Dungeon.
You were hungry.

You visited 1 branch of the dungeon, and saw 5 of its levels.

You collected 69 gold pieces.

Inventory:

Hand Weapons
 a - a +0 spear (weapon)
 b - a +0 trident
Armour
 g - a +0 buckler
 n - a +0 ring mail
 o - a +0 leather armour (worn)
Wands
 p - a wand of digging (13)
Scrolls
 f - 2 scrolls of teleportation
 h - a scroll of enchant armour {unknown}
 k - a scroll of remove curse
Potions
 e - 2 potions of agility {unknown}
 i - a potion of mutation {unknown}
 j - a potion of resistance
 l - a potion of flight {unknown}
 m - a potion of degeneration {unknown}
 q - a potion of berserk rage
Books
 c - a book of Battle

   Spells                             Type                      Level
   a - Infusion                       Charms                       1
   b - Shroud of Golubria             Charms/Translocation         2
   c - Song of Slaying                Charms                       2
   d - Spectral Weapon                Hexes/Charms                 3
   e - Regeneration                   Charms/Necromancy            3
Comestibles
 d - a ration


   Skills:
 - Level 2.1 Fighting
 + Level 4.3 Polearms
 - Level 0.6 Armour
 - Level 2.6 Dodging
 - Level 2.0 Spellcasting
 - Level 1.4 Hexes
 + Level 3.6 Charms
 - Level 1.4 Translocations


You had one spell level left.
You knew the following spells:

 Your Spells              Type           Power        Failure   Level  Hunger
a - Infusion              Chrm           ##..         8%          1    ##.....
t - Shroud of Golubria    Chrm/Tloc      #.........   19%         2    ###....
x - Spectral Weapon       Hex/Chrm       #.......     34%         3    ####...


Dungeon Overview and Level Annotations

Branches:
Dungeon (5/15)
 Temple: D:4-7

Altars:
Elyvilon
Uskayaw


Message History

The shadow imp closely misses your spectral weapon.
Unknown command.
You closely miss the scorpion.
The scorpion is almost dead.
* * * LOW HITPOINT WARNING * * *
You feel sick.
Your spectral weapon misses the scorpion.
The scorpion closely misses you.
The shadow imp hits your spectral weapon.
Your spectral weapon shares its damage with you!
* * * LOW HITPOINT WARNING * * *
You hit the scorpion but do no damage.
The scorpion is almost dead.
* * * LOW HITPOINT WARNING * * *
You feel sick.
Your spectral weapon barely misses the scorpion.
The quokka bites you.
* * * LOW HITPOINT WARNING * * *
The scorpion stings you.
You die...

### ####.##
..#..#
#.#..#
#....#
##..<#
#..@.#
#(s#r#
#..5#.#
#......
........#
..........
...........#
...........#
:.........


You could see a scorpion, a shadow imp, a quokka and a friendly spectral spear.

Vanquished Creatures
  2 adders (D:2)
  An ooze (D:1)
  2 dart slugs (D:2)
  3 leopard geckos
  2 giant cockroaches
  2 goblins
  3 hobgoblins
  A ball python (D:1)
  7 bats
  3 frilled lizards
  5 kobolds
  A quokka skeleton (D:4)
  7 rats
39 creatures vanquished.

Notes
Turn   | Place    | Note
-------+----------+-------------------------------------------
     0 | D:1      | letownia2 the Merfolk Skald began the quest for the Orb.
     0 | D:1      | Reached XP level 1. HP: 16/16 MP: 3/3
    98 | D:1      | Reached skill level 4 in Polearms
    98 | D:1      | Reached XP level 2. HP: 10/22 MP: 0/5
   160 | D:1      | Learned a level 2 spell: Shroud of Golubria
   355 | D:2      | Reached skill level 1 in Translocations
   360 | D:2      | Reached XP level 3. HP: 26/27 MP: 0/6
   373 | D:2      | Learned a level 3 spell: Spectral Weapon
   478 | D:2      | Reached skill level 1 in Hexes
   535 | D:2      | Reached XP level 4. HP: 10/33 MP: 1/7
   694 | D:4      | Found a white marble altar of Elyvilon.
   723 | D:4      | Found a hide-covered altar of Uskayaw.
   783 | D:5      | Entered Level 5 of the Dungeon
   802 | D:5      | Slain by a scorpion

Skill      XL: |  1  2  3 |
---------------+----------+-----
Polearms       | 4 |  4.3
Translocations | 1 |  1.4
Hexes          | 1 |  1.4
Fighting       | |  2.1
Armour         | |  0.6
Dodging        | |  2.6
Spellcasting   | |  2.0
Charms         | |  3.6

Action                   |  1- 3 |  4- 6 || total
-------------------------+-------+-------++-------
Melee: Spear             |   122 |    30 ||   152
 Cast: Infusion          |     8 |       ||     8
       Shroud of Golubri |     2 |     3 ||     5
       Spectral Weapon   |       |     1 ||     1
  Use: Scroll            |     3 |     5 ||     8
Armor: Leather armour    |    38 |     5 ||    43
Dodge: Dodged            |    66 |     8 ||    74
